 Dungeon Crawl Stone Soup version 0.29-a0-352-g0917bc69df (webtiles) character file.

Game seed: 8078428889887551328

5345 Flugkiller the Nimble (level 10, -3/73 HPs)
             Began as an Octopode Cinder Acolyte on Apr 24, 2022.
             Was a Priest of Ignis.
             Shot with an arrow by a centaur (15 damage)
             ... on level 8 of the Dungeon.
             The game lasted 00:11:23 (8863 turns).

Flugkiller the Nimble (Octopode Cinder Acolyte)     Turns: 8863, Time: 00:11:24

Health: -3/73      AC:  1    Str: 16    XL:     10   Next: 65%
Magic:  3/11       EV: 20    Int: 17    God:    Ignis [***...]
Gold:   456        SH:  4    Dex: 11    Spells: 9/11 levels left

rFire   + . .      SeeInvis .   i - +0 trident (vamp)
rCold   . . .      Faith    .   y - +1 buckler
rNeg    . . .      Spirit   .   (helmet restricted)
rPois   +          Reflect  .   s - amulet "Poahin" {rPois Regen+ Str+2 Stlth+}
rElec   .          Harm     .   b - ring of resist corrosion
rCorr   +          Rampage  .   v - +4 ring of evasion
Will    .....                   (no ring)
Stlth   +++++.....              (no ring)
HPRegen 1.02/turn               (no ring)
MPRegen 0.12/turn               (no ring)
                                (no ring)
                                (no ring)

@: lethally poisoned (-3 -> -4)
A: almost no armour, amphibious, 8 rings, camouflage 1, gelatinous body 1,
(nimble swimmer 1), tentacles
a: Renounce Religion, Fiery Armour, Foxfire Swarm


You were on level 8 of the Dungeon.
You worshipped Ignis.
Ignis was most pleased with you.
You visited 1 branch of the dungeon, and saw 9 of its levels.

You collected 456 gold pieces.

Inventory:

Hand Weapons
 a - a +0 spear of flaming
 i - a +0 vampiric trident (weapon)
   (You took it off an orc priest on level 4 of the Dungeon)
Missiles
 x - a throwing net (quivered)
Armour
 e - a +0 kite shield
   (You found it on level 1 of the Dungeon)
 y - a +1 buckler (worn)
   (You found it on level 7 of the Dungeon)
Jewellery
 b - a ring of resist corrosion (left tentacle)
   (You found it on level 1 of the Dungeon)
 l - an amulet of guardian spirit
   (You took it off an orc on level 4 of the Dungeon)
 s - the amulet "Poahin" (around mantle) {rPois Regen+ Str+2 Stlth+}
   (You took it off a gnoll on level 5 of the Dungeon)

   [amulet of regeneration]

   Str:       It affects your strength (+2).
   rPois:     It protects you from poison.
   Regen:     It increases your rate of health regeneration.
   Stlth:     It makes you more stealthy.
 v - a +4 ring of evasion (right tentacle)
   (You found it on level 1 of the Dungeon)
Wands
 k - a wand of paralysis (2)
   (You found it on level 4 of the Dungeon)
 n - a wand of iceblast (6)
   (You found it on level 3 of the Dungeon)
Scrolls
 c - a scroll of amnesia
 d - a scroll of brand weapon
 f - 4 scrolls of enchant weapon
 j - 3 scrolls of enchant armour
 o - 2 scrolls of summoning
 t - 6 scrolls of teleportation
 w - a scroll of fog
 D - a scroll of vulnerability
Potions
 g - 4 potions of attraction
 h - a potion of haste
 m - 3 potions of flight
 p - 2 potions of cancellation
 q - 3 potions of lignification
 u - 2 potions of brilliance
 B - 2 potions of ambrosia
 C - a potion of heal wounds {unknown}


   Skills:
 + Level 8.8 Fighting
 + Level 8.7 Polearms
 + Level 9.7 Dodging
 - Level 5.0 Stealth
 - Level 1.0 Spellcasting
 - Level 3.0 Fire Magic


You had 9 spell levels left.
You knew the following spells:

 Your Spells              Type           Power      Damage    Failure   Level
a - Scorch                Fire           22%        2d6       13%         2

Your spell library contained the following spells:

 Spells                   Type           Power      Damage    Failure   Level
 Foxfire                  Conj/Fire      20%        2x1d5     16%         1
 Shock                    Conj/Air       0%         1d3       28%         1
 Blink                    Tloc           0%         N/A       41%         2
 Conjure Flame            Conj/Fire      5%         6-21      43%         3
 Inner Flame              Hex/Fire       5%         N/A       43%         3
 Gell's Gravitas          Tloc           0%         N/A       65%         3
 Lesser Beckoning         Tloc           0%         N/A       65%         3
 Swiftness                Air            0%         N/A       65%         3
 Teleport Other           Tloc           0%         N/A       65%         3
 Flame Wave               Conj/Fire      5%         2d5       83%         4
 Airstrike                Air            0%         N/A       96%         4
 Manifold Assault         Tloc           0%         N/A       100%        5
 Storm Form               Tmut/Air       0%         N/A       100%        7


Dungeon Overview and Level Annotations

Branches:
Dungeon (9/15)             Temple (0/1) D:4
   Lair: D:8-11         Orc: D:9-12

Altars:
Ashenzari
Gozag
Wu Jian
Xom
The Shining One

Shops:
D:2 (   D:7 *

Annotations:
D:2 1 runed translucent door, Crazy Yiuf


Innate Abilities, Weirdness & Mutations

You cannot wear most types of armour.
You are amphibious.
You can wear up to eight rings at the same time.
Your skin changes colour to match your surroundings (Stealth+).
Your rubbery body absorbs attacks. (AC +1, EV +1)
((You are camouflaged when in or above water. (Stealth+)))
You have tentacles for arms and can constrict up to eight enemies at once.


Message History

You block the kobold's attack. The killer bee closely misses you.
You puncture the killer bee!
You feel better.
You kill the killer bee!
You feel sick. The hound bites you. The kobold closely misses you.
You puncture the hound! Your grab misses the hound.
Your squeeze misses the hound.
The hound is heavily wounded.
You feel sick. The hound misses you. The kobold misses you.
The hound bites you.
You puncture the hound!
You feel better.
You kill the hound!
You feel sick. The kobold hits you with a +0 dagger.
You closely miss the kobold. You grab the kobold. You constrict the kobold.
You kill the kobold!
You feel sick.
You are no longer poisoned.
No target in view!
No target in view!
Things that are here:
a +0 dagger; a stone; a kobold corpse
There is a stone staircase leading down, spattered with blood here.
You start resting.
The sentinel's mark upon you fades away.
You start resting.
HP restored.
You climb downwards.
You hear the roar of battle.
There is an entrance to a bailey on this level.
Hurry and find it before the portal closes forever!
You hear the creaking of a very distant portcullis.
A killer bee comes into view.
The centaur unwields a +0 shortbow.
The centaur closely misses you. The centaur completely misses you.
The killer bee misses you. The killer bee stings you.
A gnoll comes into view. It is wielding a +0 flail.
The centaur misses you. The centaur closely misses you.
The killer bee closely misses you. x2; The gnoll moves out of view.
There is a stone staircase leading up, spattered with blood here.
The killer bee closely misses you. The centaur hits you.
You block the centaur's attack. The killer bee closely misses you.
The centaur closely misses you.
The centaur kicks you but does no damage.
You climb upwards.
There is a stone staircase leading down, spattered with blood here.
You barely miss the centaur.
You squeeze the centaur, but do no damage.
The killer bee misses you. The killer bee barely misses you.
The centaur misses you. The centaur kicks you.
The killer bee barely misses you. The killer bee stings you!
You hit the centaur but do no damage. The killer bee stings you! x2
You are poisoned.
The killer bee poisons you! The centaur hits you.
The centaur closely misses you. The killer bee misses you. x2
The centaur hits you. The centaur misses you.
You are too injured to fight recklessly!
You are too injured to fight recklessly!
The killer bee attacks as you move away!
The killer bee completely misses you.
You feel very sick. The killer bee stings you. The killer bee misses you.
The killer bee barely misses you.
You see here a hound corpse.
You feel sick.
You feel sick.
You feel sick. The killer bee closely misses you.
You feel sick. The killer bee barely misses you.
You miss the killer bee. You grab the killer bee. You constrict the killer bee.
The killer bee misses you. The killer bee stings you.
Casting: Scorch (safe; 13% risk of failure)
Confirm with . or Enter, or press ? or * to list all spells.
Flames lash the killer bee.
The killer bee is severely wounded.
The killer bee's fire resistance burns away.
You constrict the killer bee.
You feel sick. The killer bee misses you. The killer bee stings you.
Casting: Scorch (safe; 13% risk of failure)
Confirm with . or Enter, or press ? or * to list all spells.
Flames lash the killer bee.
The killer bee is moderately wounded.
The killer bee's fire resistance burns away.
You constrict the killer bee, but do no damage.
You feel sick. The killer bee stings you.
* * * LOW HITPOINT WARNING * * *
You are more poisoned.
The killer bee poisons you! The killer bee stings you.
* * * LOW HITPOINT WARNING * * *
Casting: Scorch (safe; 13% risk of failure)
Confirm with . or Enter, or press ? or * to list all spells.
Flames lash the killer bee.
The killer bee is burned terribly!
You kill the killer bee!
You constrict the killer bee.
You kill the killer bee!
You feel sick.
The centaur wields a +0 shortbow.
The centaur shoots an arrow.
The arrow closely misses you.
Casting: Scorch (safe; 13% risk of failure)
Confirm with . or Enter, or press ? or * to list all spells.
Flames lash the centaur.
The centaur is moderately wounded.
The centaur's fire resistance burns away.
You feel sick.
The centaur shoots an arrow.
The arrow hits you!
You die...

####.#...#.###)###.#.#..#.....#
# #.#.......).# #......#.#####
# #.#...#.##### ###...##.# #
#.#...#.# #.####.#######
####.#...#.#######
#.####.#......
...........#.....#
#......#.#####
###.#.......(###.#
#.######.#####
###.#.###.##>###.#
#.###.......## ......#
#....c.#@# #...<.##.##...
.##.#.###.##.#.#†#
########......
.##.#........c.c†# #######
....###.######.### ##### #.#
#.### #.# #...# #(# ###.#
###.### #.# ### #.....######.##


You could see a centaur (combustible).

Vanquished Creatures
  A two-headed ogre (D:8)
  A troll (D:7)
  A wyvern (D:8)
  2 steam dragons
  Edmund (D:4)
  Menkaure (D:4)
  Duvessa (D:6)
  An acid dragon (D:8)
  A water moccasin (D:8)
  An ice beast (D:7)
  5 orc warriors
  A black bear (D:5)
  A sky beast (D:7)
  A centaur (D:8)
  2 kobold brigands
  6 necrophages
  A gnoll sergeant (D:6)
  3 scorpions
  A bullfrog (D:6)
  4 wights (D:8)
  Dowan (D:6)
  8 killer bees (D:8)
  3 howler monkeys
  3 jellies
  9 orc priests
  5 hounds
  6 iguanas
  9 orc wizards
  15 gnolls
  7 adders
  A shadow imp (D:4)
  2 white imps
  An ufetubus (D:4)
  3 worms
  3 dart slugs
  40 orcs
  9 endoplasms
  8 giant cockroaches
  12 goblins
  3 hobgoblins (D:1)
  7 jackals (D:2)
  22 kobolds
  2 quokkas
  8 ball pythons
  5 bats
  5 frilled lizards
  3 rats
236 creatures vanquished.

Vanquished Creatures (others)
  32 foxfires
32 creatures vanquished.

Grand Total: 268 creatures vanquished

Notes
Turn   | Place    | Note
-------+----------+-------------------------------------------
     0 | D:1      | Flugkiller the Octopode Cinder Acolyte began the quest for
                  | the Orb.
     0 | D:1      | Reached XP level 1. HP: 16/16 MP: 2/2
    58 | D:1      | Reached skill level 1 in Dodging
    94 | D:1      | Reached XP level 2. HP: 13/21 MP: 3/3
   314 | D:1      | Reached skill level 2 in Dodging
   562 | D:1      | Reached XP level 3. HP: 26/26 MP: 4/4
   946 | D:2      | Reached skill level 3 in Dodging
  1166 | D:2      | Found Esueho's Weapon Shop.
  1228 | D:3      | Reached XP level 4. HP: 22/31 MP: 5/5
  1408 | D:3      | Learned a level 2 spell: Scorch
  1724 | D:2      | Reached skill level 4 in Dodging
  2043 | D:2      | Reached XP level 5. HP: 31/36 MP: 1/6
  2235 | D:2      | Found a runed translucent door.
  2236 | D:2      | Noticed Crazy Yiuf
  2702 | D:3      | Reached skill level 5 in Dodging
  2702 | D:3      | Reached skill level 1 in Stealth
  2812 | D:3      | Found a faded altar of an unknown god.
  3080 | D:3      | Found a glowing golden altar of the Shining One.
  3103 | D:3      | Found a broken altar of Ashenzari.
  3378 | D:4      | Found a shimmering altar of Xom.
  3378 | D:4      | Noticed Menkaure
  3391 | D:4      | Reached XP level 6. HP: 31/42 MP: 0/7
  3453 | D:3      | Reached skill level 5 in Stealth
  3841 | D:4      | Noticed Edmund
  3869 | D:3      | Reached XP level 7. HP: 12/46 MP: 8/8
  4495 | D:4      | Killed Menkaure
  4751 | D:4      | Killed Edmund
  4752 | D:4      | Reached skill level 6 in Dodging
  4752 | D:4      | Reached XP level 8. HP: 33/54 MP: 3/9
  5181 | D:4      | Found a staircase to the Ecumenical Temple.
  5244 | D:5      | Entered Level 5 of the Dungeon
  5439 | D:5      | Reached skill level 5 in Fighting
  5439 | D:5      | Reached skill level 5 in Polearms
  5491 | D:5      | Identified the amulet "Poahin" {rPois Regen+ Str+2 Stlth+}
  5587 | D:5      | Found an ornate altar of the Wu Jian Council.
  5671 | D:5      | Found an opulent altar of Gozag.
  6129 | D:6      | Noticed Duvessa
  6129 | D:6      | Noticed Dowan
  6138 | D:6      | Killed Duvessa
  6139 | D:6      | Reached skill level 7 in Dodging
  6142 | D:6      | Killed Dowan
  6230 | D:6      | Reached XP level 9. HP: 47/62 MP: 6/10
  6932 | D:7      | Noticed a troll
  6935 | D:7      | Reached skill level 8 in Dodging
  6947 | D:7      | Killed a troll
  7273 | D:7      | Found Namyofas's General Store.
  7767 | D:8      | Reached XP level 10. HP: 72/72 MP: 6/11
  7911 | D:8      | Reached skill level 9 in Dodging
  7922 | D:8      | HP: 3/72 [killer bee (1)]
  7978 | D:8      | Noticed a two-headed ogre
  8376 | D:8      | Killed a two-headed ogre
  8863 | D:8      | Shot with an arrow by a centaur

Illustrated notes

Levels and vault maps discovered:
D:1:      heliophobic_arrival_enchanted_forest, layout_basic, serial_forest,
          infiniplex_forest_lined_2, infiniplex_forest_lined_room_,
          infiniplex_forest_clump_small, infiniplex_forest_pool,
          infiniplex_forest_diagonal, infiniplex_forest_corner_1,
          infiniplex_forest_end_3, nrook_mini_vaults,
          chequers_serial_rivers_micro_e
D:2:      layout_basic, serial_shops, nicolae_shop_crystal,
          uniq_crazy_yiuf_cottage
D:3:      layout_loops_ring, mainiacjoe_overflow_two_lobes,
          shapermc_ecumenical_altar_venn
D:4:      kennysheep_big_flooded_room, layout_rooms, xom_teletrap_fun,
          minmay_temple_entry_antechambers, uniq_menkaure, uniq_edmund
D:5:      layout_rooms, kennysheep_mini_moat, mainiacjoe_overflow_alcove_1,
          minivault_27
D:6:      layout_basic, minmay_liquid_box, uniq_duvessa
D:7:      layout_basic, serial_shops, nicolae_shop_behind_doors
D:8:      layout_loops_cross
D:9:      layout_cave_pools, mainiacjoe_overflow_concentric_impassable,
          lair_entry_dummy, minmay_orc_entry_temple_small, serial_gnoll_camp,
          gnoll_camp_mini_shop, gnoll_camp_mini_house, gnoll_camp_mini_hut,
          gnoll_camp_mini_hut, gnoll_camp_mini_house, enter_bailey_3

Skill      XL: |  1  2  3  4  5  6  7  8  9 10 |
---------------+-------------------------------+-----
Dodging        | 1 2 3 4 5 6 7 8 9 |  9.7
Stealth        | 4 5 |  5.0
Fighting       | 4 6 7 8 |  8.8
Polearms       | 4 6 7 8 |  8.7
Spellcasting   | |  1.0
Fire Magic     | |  3.0

Action                   |  1- 3 |  4- 6 |  7- 9 | 10-12 || total
-------------------------+-------+-------+-------+-------++-------
Melee: Spear             |    94 |   116 |   158 |       ||   368
       Constrict         |    21 |    24 |    58 |    23 ||   126
       Tentacles         |    10 |    18 |    69 |    26 ||   123
       Punch             |     1 |     3 |     6 |     1 ||    11
       Trident           |       |       |   162 |   157 ||   319
Throw: Throwing net      |       |       |       |     1 ||     1
 Cast: Scorch            |       |    23 |    64 |    20 ||   107
Invok: Rising Flame      |       |     1 |       |       ||     1
       Foxfire Swarm     |       |       |     1 |     1 ||     2
       Fiery Armour      |       |       |     2 |     1 ||     3
Evoke: Wand              |       |       |     2 |     3 ||     5
  Use: Potion            |     3 |     3 |     1 |     2 ||     9
       Scroll            |       |     3 |     5 |     6 ||    14
 Stab: Sleeping          |     5 |     7 |    11 |     1 ||    24
       Distracted        |     1 |     1 |       |       ||     2
       Paralysed         |       |       |     2 |       ||     2
Armor: Skin              |     9 |     3 |    16 |     7 ||    35
Dodge: Dodged            |    45 |    96 |   239 |   164 ||   544
Block: Buckler           |       |       |     2 |    29 ||    31

Table legend: (Time is in decaauts)
 A = Elapsed time spent in this place.
 B = Non-inter-level travel time spent in this place.
 C = Inter-level travel time spent in this place.
 D = Time resting spent in this place.
 E = Time spent auto-exploring this place.
 F = Levels seen in this place.
 G = Mean time per level.
                   A        B        C        D        E       F      G
               +--------+--------+--------+--------+--------+-----+--------+
         Total |   8828 |   8350 |    478 |   2197 |   4052 |   9 |  980.9 |
       Dungeon |   8828 |   8350 |    478 |   2197 |   4052 |   9 |  980.9 |
               +--------+--------+--------+--------+--------+-----+--------+

Top non-repeatable levels by time:
     D:3: 2055 daAuts
     D:4: 1420 daAuts
     D:8: 1084 daAuts
     D:2: 1050 daAuts
     D:7: 952 daAuts
     D:1: 903 daAuts
     D:5: 681 daAuts
     D:6: 599 daAuts
     D:9: 82 daAuts
